 Dungeon Crawl Stone Soup version 0.22.1-2-g9c5b331 (webtiles) character file.

5437 Harpaggios the Spear-Bearer (level 10, -2/83 HPs)
             Began as a Merfolk Gladiator on Dec 21, 2018.
             Was a Priest of Okawaru.
             Slain by a water moccasin (6 damage)
             ... on level 9 of the Dungeon on Dec 22, 2018.
             The game lasted 01:11:04 (12183 turns).

Harpaggios the Spear-Bearer (Merfolk Gladiator)    Turns: 12183, Time: 01:11:04

Health: -2/83      AC: 14    Str: 17    XL:     10   Next: 68%
Magic:  10/11      EV: 21    Int: 11    God:    Okawaru [***...]
Gold:   169        SH:  0    Dex: 18    Spells: 9/9 levels left

rFire    . . .     SeeInvis .   a - +1 trident (venom)
rCold    . . .     Gourm    .   (no shield)
rNeg     . . .     Faith    .   t - +4 ring mail {rPois}
rPois    +         Spirit   .   r - +1 helmet {Int+3}
rElec    .         Reflect  .   (no cloak)
rCorr    +         Harm     .   (no gloves)
MR       .....                  (no boots)
Stlth    ++........             (no amulet)
HPRegen  0.23/turn              p - ring of resist corrosion
MPRegen  0.12/turn              q - +2 ring of strength

@: heroism, studying Short Blades
A: change form in water, swift swim, stealthy swim, sense surroundings 1, shaggy
fur 1
a: Heroism, Renounce Religion


You were on level 9 of the Dungeon.
You worshipped Okawaru.
Okawaru was most pleased with you.
You were not hungry.

You visited 2 branches of the dungeon, and saw 10 of its levels.
You also visited: Bailey.

You collected 655 gold pieces.
You spent 486 gold pieces at shops.

Inventory:

Hand Weapons
 a - a +1 trident of venom (weapon)
Missiles
 s - 6 tomahawks (quivered)
Armour
 r - a +1 helmet of intelligence (worn)
 t - a +4 ring mail of poison resistance (worn)
Jewellery
 p - a ring of resist corrosion (left hand)
 q - a +2 ring of strength (right hand)
Wands
 g - a wand of clouds (6)
 j - a wand of flame (14)
Scrolls
 e - 2 scrolls of teleportation
 h - a scroll of magic mapping
 k - 4 scrolls of remove curse
 l - a scroll of enchant weapon
 m - 5 scrolls of amnesia
 n - 5 scrolls of identify
 o - a scroll of enchant armour
Potions
 c - 4 potions of lignification
 i - 7 potions of curing
 x - a potion of invisibility
Books
 d - a manual of Short Blades
Miscellaneous
 u - a lamp of fire (inert)
Comestibles
 b - 2 chunks of flesh
 f - 16 rations


   Skills:
 + Level 9.4(14.4) Fighting
 - Level 10.0(15.0) Polearms
 + Level 6.4(11.4) Throwing
 * Level 5.2(10.2) Armour
 - Level 9.2(14.2) Dodging
 - Level 2.0 Invocations


You had 9 spell levels left.
You didn't know any spells.
Your spell library was empty.

Dungeon Overview and Level Annotations

Branches:
Dungeon (9/15)             Temple (1/1) D:4
   Lair: D:8-11         Orc: D:9-12

Altars:
Ashenzari
Cheibriados
Hepliaklqana
Okawaru
Ru
Sif Muna
Trog
Vehumet
Wu Jian
Zin

Shops:
D:4 *[?*(   D:9 *

Annotations:
D:5 5 runed doors
D:9 exclusions: hornet and 4 more exclusions


Innate Abilities, Weirdness & Mutations

You revert to your normal form in water.
You are very nimble and swift while swimming.
You are very stealthy in the water. (Stealth+)
You passively map a small area around you.
You are covered in fur. (AC +1)


Message History

The skeletal warrior is almost destroyed.
The water moccasin completely misses you.
The skeletal warrior hits you from afar with a trident!
* * * LOW HITPOINT WARNING * * *
The skeletal warrior misses you. The water moccasin barely misses you.
You feel better.
The water moccasin bites you but does no damage.
The skeletal warrior hits you from afar with a trident.
* * * LOW HITPOINT WARNING * * *
You puncture the water moccasin!
The water moccasin is moderately wounded.
The water moccasin completely misses you.
You hit the water moccasin.
The water moccasin is heavily wounded.
The water moccasin bites you but does no damage.
The skeletal warrior hits you from afar with a trident!
* * * LOW HITPOINT WARNING * * *
The water moccasin misses you. The water moccasin bites you.
You die...

######### #)......# ########
#.......##########......#
#.......................#
#..............#.#.#....#
####>......................#
..............[...#.#.#....######
.########....z.S...........<....#
.#,,, #....###@.#.#.#.#####....
.#, ,,#....# #............'....
.# #....# ####.........#.... .#,
#..†.# #.#.......#.... .# ,,
#....# #.#....)..#....
.####+###....# #.#.......#....
.............# #.#.......#....
.............######.#.......#....
.......####.........#.......##...


You could see a skeletal warrior and a water moccasin.

Vanquished Creatures
  A two-headed ogre (D:9)
  An orc knight (Bailey)
  Joseph (D:7)
  The ghost of lapinsky the Shield-Bearer, a novice GrFi (D:5)
  Grinder (D:5)
  A hippogriff (D:7)
  A wyvern (D:8)
  8 orc warriors (Bailey)
  3 ogres
  2 phantoms
  A necrophage (D:6)
  3 centaurs
  7 bullfrogs
  3 scorpions
  3 killer bees (D:7)
  4 crimson imps
  A bullfrog zombie (D:9)
  A centaur zombie (D:9)
  3 orc priests
  3 hounds
  A jelly (D:8)
  A bullfrog skeleton (D:4)
  An iguana (D:9)
  4 worker ants
  3 orc wizards
  A hound zombie (D:6)
  A hound skeleton (D:5)
  Robin (D:4)
  5 gnolls
  14 adders
  A shadow imp (D:7)
  An ooze (D:2)
  An adder skeleton (D:4)
  5 worms
  5 dart slugs
  8 leopard geckos
  50 orcs
  8 giant cockroaches
  22 goblins
  12 hobgoblins
  13 jackals
  3 kobolds
  3 quokkas
  5 bats
  11 frilled lizards
  2 jackal skeletons
  A quokka skeleton (D:7)
  15 rats
247 creatures vanquished.

Vanquished Creatures (others)
  7 plants (D:2)
  2 withered plants (D:5)
9 creatures vanquished.

Grand Total: 256 creatures vanquished

Notes
Turn   | Place    | Note
-------+----------+-------------------------------------------
     0 | D:1      | Harpaggios the Merfolk Gladiator began the quest for the
                  | Orb.
     0 | D:1      | Reached XP level 1. HP: 16/16 MP: 1/1
    99 | D:1      | Reached XP level 2. HP: 14/23 MP: 2/2
   455 | D:1      | Reached skill level 5 in Polearms
   455 | D:1      | Reached XP level 3. HP: 24/28 MP: 3/3
  1474 | D:2      | Reached XP level 4. HP: 34/35 MP: 4/4
  1541 | D:2      | Reached skill level 5 in Dodging
  2242 | D:2      | Reached XP level 5. HP: 32/41 MP: 5/5
  2738 | D:3      | Reached skill level 6 in Polearms
  3204 | D:4      | Found Raepur's Assorted Antiques.
  3235 | D:4      | Found Metojo Ewoph's Antique Armour Shoppe.
  3252 | D:4      | Found Vyprogh's Magic Scroll Shop.
  3455 | D:4      | Found Utott's Assorted Antiques.
  3510 | D:4      | Bought a shiny helmet for 150 gold pieces
  3554 | D:4      | Found a staircase to the Ecumenical Temple.
  3606 | D:4      | Reached XP level 6. HP: 49/49 MP: 6/6
  3687 | D:4      | Found Ezxif's Weapon Shoppe.
  3961 | D:4      | Noticed Robin
  4353 | D:4      | Killed Robin
  4575 | D:5      | Entered Level 5 of the Dungeon
  4595 | D:5      | Reached skill level 5 in Fighting
  4643 | D:5      | Reached skill level 7 in Polearms
  4643 | D:5      | Reached XP level 7. HP: 51/56 MP: 7/7
  4665 | D:5      | Reached skill level 1 in Armour
  4781 | D:5      | Found a bloodstained altar of Trog.
  4873 | Temple   | Entered the Ecumenical Temple
  4900 | Temple   | Became a worshipper of Warmaster Okawaru
  5233 | D:5      | Noticed Grinder
  5254 | D:5      | Killed Grinder
  5254 | D:5      | Reached * piety under Okawaru
  5254 | D:5      | Reached XP level 8. HP: 37/65 MP: 8/8
  5427 | D:5      | Noticed lapinsky's ghost (novice GrFi)
  5430 | D:5      | Found a runed door.
  5486 | D:5      | Found a runed door.
  5486 | D:5      | Found a runed gate.
  5494 | D:5      | Found the +9 staff of Olgreb {rPois}
  5496 | D:5      | Found a runed door.
  5546 | D:5      | Gained mutation: You passively map a small area around you.
                  | [potion of mutation]
  5546 | D:5      | Gained mutation: You are covered in fur. (AC +1) [potion of
                  | mutation]
  5866 | D:5      | Found a runed gate.
  5877 | D:5      | Found a runed gate.
  6673 | D:6      | Got an ichor-stained whip
  7386 | D:5      | Killed lapinsky's ghost
  7386 | D:5      | Reached ** piety under Okawaru
  7386 | D:5      | Reached skill level 5 in Throwing
  7386 | D:5      | Reached XP level 9. HP: 53/72 MP: 6/9
  7594 | D:7      | Noticed Joseph
  7608 | D:7      | Killed Joseph
  8047 | D:7      | Reached skill level 1 in Invocations
  9086 | D:8      | Found a flagged portal.
  9105 | Bailey   | Entered a bailey
  9341 | Bailey   | Reached skill level 8 in Polearms
  9504 | Bailey   | Reached *** piety under Okawaru
  9642 | Bailey   | Reached XP level 10. HP: 40/82 MP: 8/11
  9816 | Bailey   | Noticed an orc knight
  9828 | Bailey   | Killed an orc knight
  9828 | Bailey   | Reached skill level 5 in Armour
  9830 | Bailey   | Noticed an orc knight
 10155 | D:8      | Reached skill level 9 in Polearms
 10893 | D:9      | Noticed a two-headed ogre
 10905 | D:9      | Killed a two-headed ogre
 10905 | D:9      | Reached **** piety under Okawaru
 11388 | D:9      | Found Afruog's General Store.
 11397 | D:9      | Bought a +4 ring mail of poison resistance for 336 gold
                  | pieces
 11464 | D:9      | Noticed a skeletal warrior
 11464 | D:9      | Noticed a skeletal warrior
 11807 | D:9      | Reached skill level 10 in Polearms
 11942 | D:9      | Received a gift from Okawaru
 12179 | D:9      | HP: 3/83 [skeletal warrior/trident[a skeletal warrior] (9)]
 12183 | D:9      | Slain by a water moccasin

Skill      XL: |  1  2  3  4  5  6  7  8  9 10 |
---------------+-------------------------------+-----
Polearms       | 5 6 7 8 10 | 10.0
Fighting       | 3 4 5 6 7 8 9 |  9.4
Dodging        | 5 6 7 9 |  9.2
Armour         | 2 4 5 |  5.2
Throwing       | 3 5 6 |  6.4
Invocations    | 2 |  2.0

Action                   |  1- 3 |  4- 6 |  7- 9 | 10-12 || total
-------------------------+-------+-------+-------+-------++-------
Melee: Trident           |   129 |   301 |   350 |   175 ||   955
       Tailslap          |       |     1 |       |       ||     1
Throw: Throwing net      |       |     1 |       |     2 ||     3
Invok: Heroism           |       |       |     4 |     3 ||     7
Evoke: Wand              |       |       |       |    21 ||    21
       Lamp of fire      |       |       |       |     1 ||     1
  Use: Scroll            |       |    11 |     6 |     3 ||    20
       Potion            |       |     3 |     8 |     4 ||    15
 Stab: Sleeping          |     2 |     4 |     2 |       ||     8
       Held in net/web   |       |       |       |     1 ||     1
  Eat: Chunk             |     2 |    10 |    13 |     8 ||    33
       Ration            |       |       |     1 |       ||     1
Armor: Leather armour    |    22 |    39 |    32 |     5 ||    98
       Ring mail         |       |       |       |    19 ||    19
Dodge: Dodged            |    61 |   196 |   242 |    75 ||   574
